 Dungeon Crawl Stone Soup version 0.30-a0-777-ga9a30cbeda (webtiles) character file.

Game seed: 16312017665566836741

35 omnomnOMINOUS the Twirler (level 3, -8/23 HPs)
             Began as an Octopode Wanderer on Feb 14, 2023.
             Killed by nerve-wracking pain
             ... invoked by a shadow imp
             ... summoned by Natasha
              (12 damage)
             ... on level 2 of the Dungeon.
             The game lasted 00:02:53 (884 turns).

omnomnOMINOUS the Twirler (Octopode Wanderer)        Turns: 884, Time: 00:02:53

Health: -8/23      AC:  1    Str:  7    XL:     3   Next: 35%
Magic:  5/5        EV: 13    Int: 18    God:
Gold:   27         SH:  0    Dex: 19    Spells: 3/4 levels left

rFire   . . .      SeeInvis .    a - +4 whip
rCold   . . .      Faith    .    i - orb {light}
rNeg    . . .      Spirit   .    g - +0 hat
rPois   .          Reflect  .    (no amulet)
rElec   .          Harm     .    h - +6 ring of dexterity
rCorr   .          Rampage  .    (no ring)
Will    .....                    (no ring)
Stlth   ++                       (no ring)
HPRegen 0.23/turn                (no ring)
MPRegen 0.09/turn                (no ring)
                                 (no ring)
                                 (no ring)

@: glowing
A: almost no armour, amphibious, 8 rings, camouflage 1, gelatinous body 1,
(nimble swimmer 1), tentacles
a: no special abilities


You were on level 2 of the Dungeon.
You visited 1 branch of the dungeon, and saw 2 of its levels.

You collected 27 gold pieces.

Inventory:

Hand Weapons
 a - a +4 whip (weapon)
 b - a +2 quarterstaff
Missiles
 e - 6 poisoned darts
Armour
 g - a +0 hat (worn)
 i - an orb of light (worn)
Jewellery
 h - a +6 ring of dexterity (left tentacle)
Scrolls
 f - a scroll of noise {unknown}
 k - 4 scrolls of teleportation {unknown}
Potions
 c - a potion of heal wounds
 d - a potion of ambrosia {unknown}
 j - a potion of resistance {unknown}


   Skills:
 + Level 1.5 Fighting
 + Level 0.3(2.5) Maces & Flails
 - Level 4.2 Staves
 + Level 1.0 Dodging
 - Level 4.0 Stealth
 + Level 1.4 Spellcasting
 + Level 1.0 Conjurations
 - Level 1.0 Fire Magic


You had 3 spell levels left.
You knew the following spells:

 Your Spells              Type           Power      Damage    Failure   Level
a - Foxfire               Conj/Fire      20%        2x1d5     13%         1

Your spell library contained the following spells:

 Spells                   Type           Power      Damage    Failure   Level
 Ignite Poison            Fire/Tmut/Pois 2%         N/A       45%         3


Dungeon Overview and Level Annotations

Branches:
Dungeon (2/15)

Altars:

Annotations:
D:2 Natasha


Innate Abilities, Weirdness & Mutations

You cannot wear most types of armour.
You are amphibious.
You can wear up to eight rings at the same time.
Your skin changes colour to match your surroundings (Stealth+).
Your rubbery body absorbs attacks. (AC +1, EV +1)
((You are camouflaged when in or above water. (Stealth+)))
You have tentacles for arms and can constrict up to eight enemies at once.


Message History

No target in view!
k - 3 scrolls labelled SOBLEEGITA
Found a scale mail.
Found a stone staircase leading down.
k - 4 scrolls labelled SOBLEEGITA (gained 1)
A goblin comes into view. It is wielding a +0 dagger.
Found a whip.
Natasha, Servant of Life and Death comes into view.
The goblin closely misses you.
You hit the goblin.
You kill the goblin!
You see here a +0 dagger.
Natasha hisses angrily.
Natasha casts a spell at you. The magic dart hits you!
You barely miss Natasha. You grab Natasha.
You squeeze Natasha, but do no damage.
You constrict Natasha, but do no damage.
Natasha mumbles some strange words.
You hit Natasha.
Natasha is lightly wounded.
You constrict Natasha. Natasha claws you. The shadow imp barely misses you.
You are too injured to fight recklessly!
You are too injured to fight recklessly!
You are too injured to fight recklessly!
You are too injured to fight recklessly!
There are monsters nearby!
You hit Natasha.
Natasha is heavily wounded.
You constrict Natasha. Natasha claws you.
* * * LOW HITPOINT WARNING * * *
The shadow imp misses you.
You hit Natasha.
Natasha is severely wounded.
You constrict Natasha. Natasha casts a spell at you.
You resist with significant effort. The shadow imp gestures at you.
Pain shoots through your body!
Ouch! That really hurt!
You die...

.# .# .# .# .# ##. .#
#.. ###.# #.# ## ##...
#.##.##
####...#########.#...##
+....h@...)............
####.5..########.#...##
##.#.# #..# ## ###.#
##.# #.# #.# #.# #.#
#.# #.# #.# #.# #.# ##


You could see Natasha and a shadow imp (summoned).

Vanquished Creatures
  A dart slug (D:1)
  7 ball pythons (D:1)
  2 bats (D:1)
  4 endoplasms (D:1)
  3 giant cockroaches (D:1)
  4 goblins
  7 kobolds (D:1)
  2 rats (D:1)
30 creatures vanquished.

Notes
Turn   | Place    | Note
-------+----------+-------------------------------------------
     0 | D:1      | omnomnOMINOUS the Octopode Wanderer began the quest for the
                  | Orb.
     0 | D:1      | omnomnOMINOUS set off with the following items: a +2
                  | quarterstaff, a +0 hat, a potion of heal wounds; and the
                  | following spell memorised: Foxfire; and the following
                  | spells available to memorise: Ignite Poison.
     0 | D:1      | Reached XP level 1. HP: 13/13 MP: 2/2
   107 | D:1      | Reached XP level 2. HP: 18/18 MP: 3/3
   385 | D:1      | Reached XP level 3. HP: 9/23 MP: 5/5
   462 | D:1      | Reached skill level 1 in Conjurations
   621 | D:1      | Reached skill level 1 in Dodging
   874 | D:2      | Noticed Natasha
   884 | D:2      | Killed from afar by a shadow imp

Illustrated notes

Levels and vault maps discovered:
D:1:      dpeg_arrival_castle, layout_basic
D:2:      layout_loops_corners, lexackson_kobold_supper, uniq_natasha

Skill      XL: |  1  2  3 |
---------------+----------+-----
Conjurations   | 1 |  1.0
Dodging        | 1 |  1.0
Fighting       | |  1.5
Maces & Flails | |  0.3
Staves         | |  4.2
Stealth        | |  4.0
Spellcasting   | |  1.4
Fire Magic     | |  1.0

Action                     || total
---------------------------++-------
  Melee: Quarterstaff      ||    34
         Constrict         ||     9
         Tentacles         ||     7
         Whip              ||    15
         Punch             ||     1
   Stab: Sleeping          ||     6
 Armour: Skin              ||     3
  Dodge: Dodged            ||    25

Table legend: (Time is in decaauts)
 A = Elapsed time spent in this place.
 B = Non-inter-level travel time spent in this place.
 C = Inter-level travel time spent in this place.
 D = Time resting spent in this place.
 E = Time spent auto-exploring this place.
 F = Levels seen in this place.
 G = Mean time per level.
                   A        B        C        D        E       F      G
               +--------+--------+--------+--------+--------+-----+--------+
         Total |    885 |    875 |     10 |     49 |    650 |   2 |  442.5 |
       Dungeon |    885 |    875 |     10 |     49 |    650 |   2 |  442.5 |
               +--------+--------+--------+--------+--------+-----+--------+

Top non-repeatable levels by time:
     D:1: 800 daAuts
     D:2: 84 daAuts
